 Dungeon Crawl Stone Soup version 0.29.0-13-gc9e81de378 (webtiles) character file.

Game seed: 8972182629506710127

8 ILmort the Firebug (level 2, 20/20 HPs)
             Began as a Draconian Fire Elementalist on Sept 8, 2022.
             Quit the game on level 1 of the Dungeon on Sept 9, 2022.
             The game lasted 00:02:30 (366 turns).

ILmort the Firebug (Draconian Fire Elementalist)     Turns: 366, Time: 00:02:31

Health: 20/20      AC:  4    Str: 10    XL:     2   Next: 0%
Magic:  5/5        EV: 12    Int: 15    God:
Gold:   32         SH:  0    Dex: 11    Spells: 4/5 levels left

rFire   . . .      SeeInvis .   (no weapon)
rCold   . . .      Faith    .   (no shield)
rNeg    . . .      Spirit   .   (body armour unavailable)
rPois   .          Reflect  .   (helmet restricted)
rElec   .          Harm     .   (no cloak)
rCorr   .          Rampage  .   (no gloves)
Will    .....                   (no boots)
Stlth   ++........              (no amulet)
HPRegen 0.06/turn               (no ring)
MPRegen 0.09/turn               (no ring)

@: no status effects
A: AC +4, unfitting armour, cold-blooded
a: no special abilities


You were on level 1 of the Dungeon.
You visited 1 branch of the dungeon, and saw 1 of its levels.

You collected 32 gold pieces.

Inventory:

Jewellery
 e - a ring of flight
Scrolls
 b - a scroll of identify {unknown}
 d - 3 scrolls of silence {unknown}
 f - a scroll of immolation {unknown}
Potions
 a - 2 potions of magic
 c - a potion of flight {unknown}


   Skills:
 - Level 1.7 Dodging
 - Level 1.7 Stealth
 + Level 2.2 Spellcasting
 + Level 1.3 Conjurations
 + Level 3.2 Fire Magic


You had 4 spell levels left.
You knew the following spells:

 Your Spells              Type           Power      Damage    Failure   Level
a - Foxfire               Conj/Fire      32%        2x1d5     9%          1

Your spell library contained the following spells:

 Spells                   Type           Power      Damage    Failure   Level
 Scorch                   Fire           22%        2d6       9%          2
 Conjure Flame            Conj/Fire      8%         6-21      26%         3
 Inner Flame              Hex/Fire       6%         N/A       34%         3
 Flame Wave               Conj/Fire      8%         2d5       63%         4


Dungeon Overview and Level Annotations

Branches:
Dungeon (1/15)

Altars:


Innate Abilities, Weirdness & Mutations

Your plain brown scales are hard. (AC +4)
You cannot fit into any form of body armour.
You are cold-blooded and may be slowed by cold attacks.


Message History

Casting: Foxfire (safe; 9% risk of failure)
You conjure some foxfire!
The rat bites you but does no damage.
Casting: Foxfire (safe; 9% risk of failure)
You don't have enough magic to cast this spell.
f - a scroll labelled TEARUO EPENE The foxfire hits the ball python.
You kill the ball python!
The foxfire hits the rat.
You kill the rat!
The endoplasm freezes you.
You are frozen.
You feel yourself slow down.
You hit the endoplasm. The endoplasm hits you.
You hit the endoplasm.
You feel yourself speed up. The endoplasm closely misses you.
The endoplasm freezes you.
You are frozen.
You feel yourself slow down.
You hit the endoplasm. The endoplasm freezes you.
You are frozen.
* * * LOW HITPOINT WARNING * * *
Casting: Foxfire (safe; 9% risk of failure)
You don't have enough magic to cast this spell.
You feel yourself speed up.
The endoplasm jiggles.
The endoplasm misses you.
You hit the endoplasm.
You kill the endoplasm!
You have reached level 2!
You start resting.
You start resting.
Saving game... please wait.
Options error: Option wiz_mode is disabled in this build. (~/.crawlrc:7) Options error: Option explore_mode is disabled in this build. (~/.crawlrc:8) Options error: Bad channel -- pray (~/.crawlrc:85) Options error: Bad channel -- food (~/.crawlrc:88) Options error: Bad channel -- rotten_meat (~/.crawlrc:105) Welcome back, ILmort the Draconian Fire Elementalist.
Okay, then.
Unknown command.

.....#)......[♣.P♣ .
...##........#.PPP..
...##........#..P...
....#........#......
....#...............
....#.........#####+####
....#..................#
..............#........#
................@......#
................####
...................
##......÷......#.##
#.............# #
.............#.#
.............#.#
........##.....#
#.......##.......


There were no monsters in sight!

Vanquished Creatures
  An endoplasm (D:1)
  A goblin (D:1)
  A hobgoblin (D:1)
  A kobold (D:1)
  2 ball pythons (D:1)
  A rat (D:1)
7 creatures vanquished.

Vanquished Creatures (others)
  19 foxfires (D:1)
19 creatures vanquished.

Grand Total: 26 creatures vanquished

Notes
Turn   | Place    | Note
-------+----------+-------------------------------------------
     0 | D:1      | ILmort the Draconian Fire Elementalist began the quest for
                  | the Orb.
     0 | D:1      | Reached XP level 1. HP: 14/14 MP: 3/3
   148 | D:1      | Reached XP level 2. HP: 7/20 MP: 0/5
   366 | D:1      | Quit the game

Illustrated notes

Levels and vault maps discovered:
D:1:      tarquinn_simple_flora_water_a, layout_basic, serial_forest,
          infiniplex_forest_clump_curved, infiniplex_forest_clump_curved,
          infiniplex_forest_clump_diagonal, infiniplex_forest_join,
          infiniplex_forest_lined_3, infiniplex_forest_clump_curved,
          infiniplex_forest_end_3

Action                   || total
-------------------------++-------
Melee: Unarmed           ||     8
       Tailslap          ||     1
 Cast: Foxfire           ||    10
Armor: Skin              ||     3
Dodge: Dodged            ||     8
